 Dungeon Crawl Stone Soup version 0.24.0-37-gcf1ca852f1 (webtiles) character file.

Game seed: 13621710795289807496, levelgen mode: deterministic

7469 FishyPogo the Magician (level 11, -5/112 HPs)
             Began as a Gnoll Air Elementalist on Dec 6, 2019.
             Was a Priest of Hepliaklqana.
             Slain by Sonja
             ... wielding a +0 short sword of distortion
              (15 damage)
             ... on level 10 of the Dungeon.
             The game lasted 00:53:03 (8147 turns).

FishyPogo the Magician (Gnoll Air Elementalist)     Turns: 8147, Time: 00:53:07

Health: -5/112     AC: 25    Str: 19 (22) XL:     11   Next: 15%
Magic:  22/22      EV:  2    Int: 19      God:    Hepliaklqana [***...]
Gold:   726        SH:  0    Dex: 19 (22) Spells: 8/25 levels left

rFire    . . .     SeeInvis .   W - +4 falchion
rCold    . . .     Gourm    .   (no shield)
rNeg     + + +     Faith    .   (armour currently unavailable)
rPois    +         Spirit   .   (helmet currently unavailable)
rElec    .         Reflect  .   (cloak currently unavailable)
rCorr    .         Harm     .   (gloves currently unavailable)
MR       +....     NoTele   +   (boots currently unavailable)
Stlth    +++++.....             M - amulet of magic regeneration
HPRegen  0.28/turn              G - ring of protection from magic
MPRegen  0.43/turn              t - +6 ring of strength

@: mighty, agile, tree-form (expiring)
A: distributed training, reduced essence, rugged brown scales 1, blurry vision
1, strong nose
a: Recall Ancestor, Ancestor Identity, Transference, Renounce Religion


You were on level 10 of the Dungeon.
You worshipped Hepliaklqana.
Hepliaklqana was most pleased with you.
You were not hungry.
You were a tree.
You visited 2 branches of the dungeon, and saw 11 of its levels.

You collected 726 gold pieces.

Inventory:

Hand Weapons
 b - a +0 mace of protection
 q - a +2 great sword of holy wrath
 H - the +3 short sword "Jachinge" {protect, *Slow Int+4 Dex+3}
   (You took it off an orc warrior on level 7 of the Dungeon)

   It grants its wielder temporary protection when it strikes (+7 to AC).
   It affects your intelligence (+4).
   It affects your dexterity (+3).
   It may slow you when you take damage.
 W - a +4 falchion (weapon)
Missiles
 k - 6 boomerangs (quivered)
 x - 44 poisoned darts
 y - 13 curare-tipped darts
 O - 19 stones
Armour
 l - a +1 leather armour of poison resistance
 r - a scarf of repulsion (melded)
 v - the +10 plate armour of Disaster (melded) {+Inv rPois Int-2 Dex+8}
   (You found it on level 3 of the Dungeon)

   It affects your intelligence (-2).
   It affects your dexterity (+8).
   It protects you from poison.
   It lets you turn invisible.
 B - the +1 cloak of Ravudecw {rCorr Slay-5 SInv Stlth+}
   (You found it on level 5 of the Dungeon)

   It affects your accuracy and damage with ranged weapons and melee attacks
   (-5).
   It lets you see invisible.
   It provides partial protection from all sources of acid and corrosion.
   It makes you more stealthy.
 C - a +2 robe of resistance
 I - the cursed +1 plate armour "Umecebi" {+Fly rElec rPois Dex-3}
   (You took it off an orc warrior on level 7 of the Dungeon)

   It affects your dexterity (-3).
   It insulates you from electricity.
   It protects you from poison.
   It lets you fly.
   It has a curse placed upon it.
Jewellery
 t - a +6 ring of strength (right branch)
 D - an uncursed ring of protection from fire
 G - a ring of protection from magic (left branch)
 K - an uncursed amulet of harm
 M - an amulet of magic regeneration (around neck)
Wands
 w - a wand of flame (25)
 L - a wand of polymorph (22)
 U - a wand of enslavement (4)
 V - a wand of clouds (4)
Scrolls
 a - a scroll of fog {unknown}
 d - 2 scrolls of noise {unknown}
 g - 2 scrolls of enchant weapon {unknown}
 h - 5 scrolls of remove curse
 j - 2 scrolls of amnesia
 m - 2 scrolls of blinking
 o - 5 scrolls of identify
 E - a scroll of immolation {unknown}
 J - a scroll of teleportation {unknown}
 Q - a scroll of fear {unknown}
 R - a scroll of magic mapping {unknown}
Potions
 e - 2 potions of resistance
 f - 6 potions of curing
 i - 6 potions of haste {unknown}
 n - a potion of might
 u - 3 potions of flight
 z - 4 potions of lignification
 A - a potion of invisibility
 P - a potion of agility
 S - a potion of cancellation {unknown}
 T - a potion of magic
Comestibles
 c - 19 rations
 N - 7 chunks of flesh


   Skills:
 + Level 5.9 Fighting
 + Level 5.9 Short Blades
 + Level 5.9 Long Blades
 + Level 5.9 Axes
 + Level 5.9 Maces & Flails
 + Level 5.9 Polearms
 + Level 5.9 Staves
 + Level 5.9 Slings
 + Level 5.9 Bows
 + Level 5.9 Crossbows
 + Level 5.9 Throwing
 + Level 5.9 Armour
 + Level 7.5 Dodging
 + Level 7.3 Stealth
 + Level 5.9 Shields
 + Level 5.9 Unarmed Combat
 + Level 7.8 Spellcasting
 + Level 5.4 Conjurations
 + Level 4.9 Hexes
 + Level 4.9 Charms
 + Level 4.9 Summonings
 + Level 4.9 Necromancy
 + Level 4.9 Translocations
 + Level 4.9 Transmutations
 + Level 4.9 Fire Magic
 + Level 4.9 Ice Magic
 + Level 7.4 Air Magic
 + Level 4.9 Earth Magic
 + Level 4.9 Poison Magic
 + Level 6.5 Invocations
 + Level 5.9 Evocations


You had 8 spell levels left.
You knew the following spells:

 Your Spells              Type           Power        Failure   Level  Hunger
a - Shock                 Conj/Air       ####         1%          1    None
b - Static Discharge      Conj/Air       ####....     1%          3    #......
c - Airstrike             Air            #####.....   4%          4    ###....
h - Regeneration          Chrm/Necr      ####......   3%          3    #......
l - Summon Lightning Spi  Summ/Air       ####....     8%          4    ###....
q - Swiftness             Chrm/Air       ####....     1%          2    None

Your spell library contained the following spells:

 Spells                   Type           Power        Failure   Level  Hunger
 Animate Skeleton         Necr           N/A          1%          1    None
 Apportation              Tloc           ####..       1%          1    None
 Confusing Touch          Hex            ####..       1%          1    None
 Pain                     Necr           ####         1%          1    None
 Summon Butterflies       Summ           ####....     1%          1    None
 Summon Small Mammal      Summ           ####         1%          1    None
 Call Imp                 Summ           ####....     1%          2    None
 Call Canine Familiar     Summ           ####....     3%          3    #......
 Confuse                  Hex            ####....     3%          3    #......
 Gell's Gravitas          Tloc           ####......   3%          3    #......
 Summon Guardian Golem    Hex/Summ       ####....     3%          3    #......
 Vampiric Draining        Necr           ####......   3%          3    #......
 Animate Dead             Necr           N/A          12%         4    ###....
 Petrify                  Tmut/Erth      ####....     12%         4    ###....
 Summon Ice Beast         Ice/Summ       ####....     12%         4    ###....
 Lightning Bolt           Conj/Air       ####......   19%         5    #####..
 Metabolic Englaciation   Hex/Ice        ####......   34%         5    #####..
 Summon Mana Viper        Hex/Summ       ####....     34%         5    #####..
 Yara's Violent Unravell  Hex/Tmut       ####......   34%         5    #####..
 Summon Hydra             Summ           ####......   100%        7    #######


Dungeon Overview and Level Annotations

Branches:
Dungeon (10/15)            Temple (1/1) D:5             Orc (0/2) D:10
   Lair: D:8-11

Altars:
Ashenzari
Cheibriados
Dithmenos
Elyvilon
Fedhas
Gozag
Hepliaklqana
Kikubaaqudgha
Makhleb
Nemelex Xobeh
Okawaru
Qazlal
Ru
Sif Muna
Trog
Uskayaw
Vehumet
Wu Jian
Xom
Yredelemnul
Zin
The Shining One
Beogh

Shops:
D:7 %

Annotations:
D:10 Sonja


Innate Abilities, Weirdness & Mutations

Your experience applies equally to all skills.
((You have very sharp teeth.))
Your uncanny sense of smell can sniff out nearby items.
Your life essence is reduced to manifest your ancestor. (-10% HP)
(You are partially covered in rugged brown scales. (AC +1, +3% HP))
Scrolls take you a little longer to read.


Message History

* * * LOW HITPOINT WARNING * * *
You closely miss Sonja. Sonja hits you but does no damage.
Space bends around you.
* * * LOW HITPOINT WARNING * * *
Sonja hits you but does no damage. x2; You feel a strange sense of stasis.
Unknown command.
You slash Sonja!
Sonja is heavily wounded.
Sonja hits you but does no damage. Space warps horribly around you!!
* * * LOW HITPOINT WARNING * * *
Sonja hits you but does no damage. Space bends around you.
* * * LOW HITPOINT WARNING * * *
Sonja hits you but does no damage.
You feel a strange sense of stasis.
You feel much better. Sonja hits you but does no damage.
Space bends around you.
* * * LOW HITPOINT WARNING * * *
Sonja hits you but does no damage. Space warps horribly around you!
* * * LOW HITPOINT WARNING * * *
Sonja hits you but does no damage. x2; Space warps horribly around you!
You die...

#.#...# #.######.##.#..#
##.#...####...........#..#
#.........#........##.#..#
#..).........#####..#.#)#######
#.........#..# #.#...........
##.#.........# #......#######
#.#...##.##.# #.#...##
#.....##.##.#####.#.###
#...####.##..♣K...#.# .. ##..#
#.##########=# #. #..# #.....#
#.#.# #. #..# #####.# #.#.# #.
#..# #.# #.#.# #. #..# #.#
#.#.# #####. #..# #.#
#.#.###...#. #..# #.#
#.#.##...... #..##
##.######.#.#.......


You could see Sonja.

Vanquished Creatures
  A two-headed ogre (D:10)
  An unseen horror (D:10)
  Pikel (D:4)
  The ghost of farkougg the Digger, a novice GrEE of Vehumet (D:7)
  A troll (D:10)
  Grinder (D:4)
  A wyvern (D:10)
  Menkaure (D:4)
  2 orc warriors
  3 slaves (D:4)
  An ice beast (D:9)
  2 sky beasts
  A black bear (D:9)
  2 necrophages
  8 centaurs
  3 phantoms
  An ogre (D:10)
  A big kobold (D:8)
  A crocodile (D:9)
  3 bullfrogs
  A scorpion (D:9)
  A wyvern skeleton (D:9)
  3 killer bees (D:10)
  3 wights (D:10)
  An electric eel (D:8)
  2 crimson imps (D:7)
  A centaur zombie (D:7)
  2 bullfrog skeletons
  A centaur skeleton (D:4)
  4 hounds
  2 orc wizards
  5 orc priests
  A jelly (D:3)
  3 iguanas
  10 worker ants
  A hound skeleton (D:4)
  A worker ant zombie (D:10)
  8 adders
  A howler monkey skeleton (D:10)
  2 shadow imps
  An ooze (D:4)
  3 worms
  A dart slug (D:2)
  A leopard gecko (D:4)
  35 orcs
  A ball python (D:3)
  5 giant cockroaches
  6 goblins
  14 hobgoblins
  15 jackals
  12 kobolds
  6 quokkas
  10 bats
  8 frilled lizards
  A giant cockroach zombie (D:6)
  A jackal skeleton (D:7)
  A jackal zombie (D:5)
  A quokka skeleton (D:8)
  10 rats
221 creatures vanquished.

Vanquished Creatures (collateral kills)
  A gargoyle (D:10)
  A spriggan (D:8)
  A hungry ghost (D:7)
  A water moccasin (D:6)
  An orc warrior (D:7)
  2 ogres (D:6)
  3 centaurs
  A bullfrog (D:7)
  A howler monkey (D:6)
  An electric eel (D:8)
  A crimson imp (D:8)
  A hound (D:6)
  An orc priest (D:10)
  5 orc wizards
  2 worker ants (D:6)
  18 orcs
  2 jackals (D:7)
  A quokka (D:7)
44 creatures vanquished.

Vanquished Creatures (others)
  3 hexers (D:10)
  An ancestor (D:6)
4 creatures vanquished.

Grand Total: 269 creatures vanquished

Notes
Turn   | Place    | Note
-------+----------+-------------------------------------------
     0 | D:1      | FishyPogo the Gnoll Air Elementalist began the quest for
                  | the Orb.
     0 | D:1      | Reached XP level 1. HP: 13/13 MP: 6/6
   160 | D:1      | Reached XP level 2. HP: 5/19 MP: 5/7
   675 | D:1      | Reached XP level 3. HP: 25/25 MP: 7/9
   723 | D:1      | Reached skill level 5 in Spellcasting
   731 | D:1      | Learned a level 3 spell: Static Discharge
   734 | D:1      | Learned a level 2 spell: Swiftness
  1075 | D:2      | Reached skill level 1 in Invocations
  1211 | D:2      | Reached skill level 1 in Fighting
  1211 | D:2      | Reached skill level 1 in Short Blades
  1211 | D:2      | Reached skill level 1 in Long Blades
  1211 | D:2      | Reached skill level 1 in Axes
  1211 | D:2      | Reached skill level 1 in Maces & Flails
  1211 | D:2      | Reached skill level 1 in Polearms
  1211 | D:2      | Reached skill level 1 in Staves
  1211 | D:2      | Reached skill level 1 in Slings
  1211 | D:2      | Reached skill level 1 in Bows
  1211 | D:2      | Reached skill level 1 in Crossbows
  1211 | D:2      | Reached skill level 1 in Throwing
  1211 | D:2      | Reached skill level 1 in Armour
  1211 | D:2      | Reached skill level 1 in Shields
  1211 | D:2      | Reached skill level 1 in Unarmed Combat
  1211 | D:2      | Reached skill level 1 in Evocations
  1230 | D:2      | Reached XP level 4. HP: 27/32 MP: 4/11
  1720 | D:2      | Found a shattered altar of Ashenzari.
  1776 | D:2      | Reached skill level 1 in Hexes
  1776 | D:2      | Reached skill level 1 in Charms
  1776 | D:2      | Reached skill level 1 in Summonings
  1776 | D:2      | Reached skill level 1 in Necromancy
  1776 | D:2      | Reached skill level 1 in Translocations
  1776 | D:2      | Reached skill level 1 in Transmutations
  1776 | D:2      | Reached skill level 1 in Fire Magic
  1776 | D:2      | Reached skill level 1 in Ice Magic
  1776 | D:2      | Reached skill level 1 in Earth Magic
  1776 | D:2      | Reached skill level 1 in Poison Magic
  2066 | D:3      | Reached XP level 5. HP: 37/37 MP: 6/12
  2072 | D:3      | Learned a level 4 spell: Airstrike
  2186 | D:3      | Found a shimmering altar of Xom.
  2312 | D:3      | Reached XP level 6. HP: 28/44 MP: 4/13
  2330 | D:3      | Got a spiked plate armour
  2341 | D:3      | Identified the +10 plate armour of Disaster {+Inv rPois
                  | Int-2 Dex+8} (You found it on level 3 of the Dungeon)
  2516 | D:3      | You fall into a shaft and drop 1 floor!
  2516 | D:4      | Noticed Menkaure
  2516 | D:4      | Noticed Grinder
  2528 | D:4      | Killed Menkaure
  2528 | D:4      | Reached skill level 5 in Dodging
  2528 | D:4      | Paralysed by Grinder for 6 turns
  2535 | D:4      | Killed Grinder
  2535 | D:4      | Reached XP level 7. HP: 24/51 MP: 2/15
  2832 | D:3      | Reached skill level 5 in Stealth
  3067 | D:4      | Reached XP level 8. HP: 57/57 MP: 16/16
  3167 | D:4      | Noticed Pikel
  3182 | D:4      | Killed Pikel
  3382 | D:5      | Entered Level 5 of the Dungeon
  3553 | D:5      | Got a dazzling cloak
  3559 | D:5      | Identified the +1 cloak of Ravudecw {rCorr Slay-5 SInv
                  | Stlth+} (You found it on level 5 of the Dungeon)
  3610 | D:5      | Found a staircase to the Ecumenical Temple.
  3649 | Temple   | Entered the Ecumenical Temple
  3875 | Temple   | Became a worshipper of Hepliaklqana the Forgotten
  4301 | D:6      | Reached XP level 9. HP: 57/58 MP: 14/18
  4326 | D:6      | Learned a level 4 spell: Summon Lightning Spire
  4614 | D:6      | Reached * piety under Hepliaklqana
  4948 | D:7      | Found a radiant altar of Vehumet.
  4949 | D:7      | Found a glowing silver altar of Zin.
  4950 | D:7      | Found an iron altar of Okawaru.
  4950 | D:7      | Found an ornate altar of the Wu Jian Council.
  4953 | D:7      | Found a shimmering blue altar of Sif Muna.
  4956 | D:7      | Found a burning altar of Makhleb.
  4956 | D:7      | Found a basalt altar of Yredelemnul.
  4957 | D:7      | Found an opulent altar of Gozag.
  5125 | D:7      | Found a runed translucent gate.
  5125 | D:7      | Noticed farkougg's ghost (novice GrEE)
  5427 | D:7      | Reached ** piety under Hepliaklqana
  5428 | D:7      | Remembered your ancestor Nozipho as a hexer
  5481 | D:7      | Found Emniprull's Food Emporium.
  5486 | D:7      | Reached skill level 5 in Invocations
  5497 | D:7      | Learned a level 3 spell: Regeneration
  5523 | D:7      | Found a runed translucent gate.
  5524 | D:7      | Found a runed translucent gate.
  5525 | D:7      | Found a roughly hewn altar of Beogh.
  5526 | D:7      | Identified the +3 short sword "Jachinge" {protect, *Slow
                  | Int+4 Dex+3}
  5526 | D:7      | Identified the cursed +1 plate armour "Umecebi" {+Fly rElec
                  | rPois Dex-3}
  5563 | D:7      | Killed farkougg's ghost
  5563 | D:7      | Reached XP level 10. HP: 50/65 MP: 20/20
  6147 | D:8      | Reached skill level 5 in Fighting
  6147 | D:8      | Reached skill level 5 in Short Blades
  6147 | D:8      | Reached skill level 5 in Long Blades
  6147 | D:8      | Reached skill level 5 in Axes
  6147 | D:8      | Reached skill level 5 in Maces & Flails
  6147 | D:8      | Reached skill level 5 in Polearms
  6147 | D:8      | Reached skill level 5 in Staves
  6147 | D:8      | Reached skill level 5 in Slings
  6147 | D:8      | Reached skill level 5 in Bows
  6147 | D:8      | Reached skill level 5 in Crossbows
  6147 | D:8      | Reached skill level 5 in Throwing
  6147 | D:8      | Reached skill level 5 in Armour
  6147 | D:8      | Reached skill level 5 in Shields
  6147 | D:8      | Reached skill level 5 in Unarmed Combat
  6147 | D:8      | Reached skill level 5 in Evocations
  6645 | D:9      | Reached *** piety under Hepliaklqana
  7228 | D:10     | Entered Level 10 of the Dungeon
  7352 | D:10     | Found a white marble altar of Elyvilon.
  7381 | D:10     | Reached skill level 5 in Conjurations
  7521 | D:10     | Noticed Sonja
  7614 | D:10     | Noticed a gargoyle
  7630 | D:10     | Killed a gargoyle
  7702 | D:10     | Found a staircase to the Orcish Mines.
  8111 | D:10     | Noticed a two-headed ogre
  8118 | D:10     | Killed a two-headed ogre
  8118 | D:10     | Reached XP level 11. HP: 67/71 MP: 22/22
  8123 | D:10     | Gained mutation: Scrolls take you a little longer to read.
                  | [potion of mutation]
  8123 | D:10     | Gained mutation: You are partially covered in rugged brown
                  | scales. (AC +1, +3% HP) [potion of mutation]
  8143 | D:10     | Killed an unseen horror
  8147 | D:10     | Slain by Sonja

Levels and vault maps discovered:
D:1:      co_arrival_random_square_maze, layout_basic, due_unseen_surprise
D:2:      layout_basic, first_ration, grunt_ashenzari_visionary
          [grunt_ashenzari_visionary_swamp, grunt_ashenzari_visionary_spider]
D:3:      layout_loops_corners, lemuel_crystal_altar, minmay_checkerbox
D:4:      layout_rooms, uniq_menkaure, uniq_pikel, uniq_grinder
D:5:      layout_loops_ring, lemuel_temple_firewalk_a
D:6:      layout_basic, chequers_serial_rivers_small_b
D:7:      layout_basic, grunt_temple_overflow_open, biasface_ghost_orc_armoury,
          serial_co_window_serial, co_window_corner_a, co_window_cross_1,
          co_window_paths_a, co_window_paths_a, co_window_paths_b,
          co_window_corner_a, co_window_corner_a, co_window_corner_b,
          co_window_broadway_b, co_window_cross_4, co_window_of_opportunity_b,
          co_window_2corner, co_window_of_opportunity_b, glass_columns_b,
          glass_columns_a, glass_columns_a, glass_columns_b,
          nicolae_shop_scaring_up_business
D:8:      layout_gridville, the_bakery, minivault_14, minivault_10,
          kennysheep_small_circle
D:9:      layout_loops_ring, minmay_misc_feat_roman
D:10:     layout_loops_ring, hiddenorc1_lemuel, elyvilon_altar_3, uniq_sonja
Temple:   nicolae_temple_figure_eight

Skill      XL: |  1  2  3  4  5  6  7  8  9 10 |
---------------+-------------------------------+-----
Conjurations   | 2 3 4 5 |  5.4
Spellcasting   | 5 6 7 |  7.8
Invocations    | 1 2 3 4 5 6 |  6.5
Fighting       | 1 2 3 4 5 |  5.9
Short Blades   | 1 2 3 4 5 |  5.9
Long Blades    | 1 2 3 4 5 |  5.9
Axes           | 1 2 3 4 5 |  5.9
Maces & Flails | 1 2 3 4 5 |  5.9
Polearms       | 1 2 3 4 5 |  5.9
Staves         | 1 2 3 4 5 |  5.9
Slings         | 1 2 3 4 5 |  5.9
Bows           | 1 2 3 4 5 |  5.9
Crossbows      | 1 2 3 4 5 |  5.9
Throwing       | 1 2 3 4 5 |  5.9
Armour         | 1 2 3 4 5 |  5.9
Shields        | 1 2 3 4 5 |  5.9
Unarmed Combat | 1 2 3 4 5 |  5.9
Evocations     | 1 2 3 4 5 |  5.9
Hexes          | 1 2 3 4 |  4.9
Charms         | 1 2 3 4 |  4.9
Summonings     | 1 2 3 4 |  4.9
Necromancy     | 1 2 3 4 |  4.9
Translocations | 1 2 3 4 |  4.9
Transmutations | 1 2 3 4 |  4.9
Fire Magic     | 1 2 3 4 |  4.9
Ice Magic      | 1 2 3 4 |  4.9
Earth Magic    | 1 2 3 4 |  4.9
Poison Magic   | 1 2 3 4 |  4.9
Dodging        | 5 6 7 |  7.5
Stealth        | 5 6 7 |  7.3
Air Magic      | 6 7 |  7.4

Action                   |  1- 3 |  4- 6 |  7- 9 | 10-12 || total
-------------------------+-------+-------+-------+-------++-------
Melee: Mace              |    20 |     1 |       |       ||    21
       Bite              |     2 |     7 |    36 |    30 ||    75
       Great sword       |       |    37 |   191 |   140 ||   368
       Falchion          |       |       |       |    19 ||    19
       Punch             |       |       |       |     1 ||     1
Throw: Stone             |       |       |     1 |       ||     1
       Boomerang         |       |       |       |     7 ||     7
 Cast: Shock             |    60 |    62 |    48 |       ||   170
       Static Discharge  |       |     3 |     1 |       ||     4
       Summon Lightning  |       |       |    12 |       ||    12
Invok: Ancestor Life: He |       |       |     1 |       ||     1
       Recall Ancestor   |       |       |       |     4 ||     4
       Transference      |       |       |       |     1 ||     1
 Abil: Evoke Invisibilit |       |       |       |     1 ||     1
  Use: Scroll            |       |     5 |       |       ||     5
       Potion            |       |     4 |     2 |     9 ||    15
 Stab: Sleeping          |     4 |       |     5 |       ||     9
       Distracted        |       |       |     2 |     4 ||     6
       Confused          |       |       |     1 |       ||     1
       Invisible         |       |       |       |     4 ||     4
  Eat: Chunk             |     1 |     4 |    12 |     9 ||    26
Armor: Robe              |    14 |       |       |       ||    14
       Plate armour      |       |    44 |   119 |   131 ||   294
       Leather armour    |       |       |    19 |       ||    19
       Skin              |       |       |       |    17 ||    17
Dodge: Dodged            |    51 |    33 |   134 |    83 ||   301
       Deflected         |       |       |       |     9 ||     9
       Rpst.: Great sword |       |    11 |    50 |    19 ||    80
       Falchion          |       |       |       |     1 ||     1
